 Dungeon Crawl Stone Soup version 0.29-a0-700-g2f1814c7b2 (webtiles) character file.

Game seed: 2741781079498079826

1495 Gwenloh the Cleaver (level 8, 0/74 HPs)
             Began as a Hill Orc Monk on June 25, 2022.
             Was a Believer of Beogh.
             Slain by Pikel
             ... wielding a +1 whip of freezing
              (8 damage)
             ... on level 5 of the Dungeon on June 26, 2022.
             The game lasted 00:24:34 (8160 turns).

Gwenloh the Cleaver (Hill Orc Monk)                 Turns: 8160, Time: 00:24:35

Health: 0/74       AC:  8    Str: 14    XL:     8   Next: 81%
Magic:  9/9        EV: 11    Int: 12    God:    Beogh [**....]
Gold:   376        SH:  0    Dex: 15    Spells: 7/7 levels left

rFire   . . .      SeeInvis .   a - +0 war axe
rCold   . . .      Faith    .   (no shield)
rNeg    . . .      Spirit   .   h - +2 ring mail of Haixuoth {Int+2}
rPois   .          Reflect  .   q - +0 helmet
rElec   .          Harm     .   z - scarf {repulsion}
rCorr   .          Rampage  .   (no gloves)
Will    .....                   r - +1 pair of boots
Stlth   +.........              (no amulet)
HPRegen 0.22/turn               (no ring)
MPRegen 0.11/turn               (no ring)

@: corroded, invisible, repel missiles
A: no striking features
a: Renounce Religion, Smiting


You were on level 5 of the Dungeon.
You worshipped Beogh.
Beogh was pleased with you.
You visited 1 branch of the dungeon, and saw 6 of its levels.
You also visited: Sewer.

You collected 376 gold pieces.

Inventory:

Hand Weapons
 a - a +0 war axe (weapon)
 b - a +1 vorpal shortbow
 x - a +0 flail
 H - a +0 hand axe
Missiles
 f - 7 silver javelins
 n - 2 boomerangs (quivered)
Armour
 h - the +2 ring mail of Haixuoth (worn) {Int+2}
   (You found it on level 6 of the Dungeon)

   Int:       It affects your intelligence (+2).
 m - a +0 plate armour
 q - a +0 helmet (worn)
 r - a +1 pair of boots (worn)
 u - a +0 scale mail
 y - a +0 chain mail
 z - a scarf of repulsion (worn)
 J - a scarf of invisibility
Jewellery
 C - a +6 ring of intelligence
 D - an amulet of magic regeneration
Wands
 o - a wand of paralysis (8)
 A - a wand of iceblast (15)
Scrolls
 d - 3 scrolls of amnesia
 e - 5 scrolls of teleportation
 g - 2 scrolls of poison
 k - 2 scrolls of blinking
 l - a scroll of summoning
 t - a scroll of immolation
 w - a scroll of vulnerability {unknown}
 E - a scroll of enchant armour {unknown}
 F - a scroll of silence {unknown}
 I - a scroll of torment {unknown}
Potions
 c - 2 potions of ambrosia
 i - 4 potions of curing
 j - 2 potions of invisibility
 p - 2 potions of heal wounds {unknown}
 s - a potion of resistance {unknown}
 v - 3 potions of flight
 B - 2 potions of berserk rage {unknown}
 G - 2 potions of lignification {unknown}


   Skills:
 + Level 8.1 Fighting
 + Level 8.9 Axes
 + Level 6.4 Armour
 - Level 2.4 Dodging
 - Level 1.5 Stealth
 + Level 1.8 Invocations
 + Level 0.4 Evocations


You had 7 spell levels left.
You didn't know any spells.
Your spell library contained the following spells:

 Spells                   Type           Power      Damage    Failure   Level
 Foxfire                  Conj/Fire      0%         2x1d4     52%         1
 Shock                    Conj/Air       0%         1d3       52%         1
 Summon Small Mammal      Summ           0%         N/A       52%         1
 Call Canine Familiar     Summ           0%         N/A       88%         3
 Conjure Flame            Conj/Fire      0%         6-21      88%         3
 Inner Flame              Hex/Fire       0%         N/A       88%         3
 Summon Guardian Golem    Hex/Summ       0%         N/A       88%         3
 Swiftness                Air            0%         N/A       88%         3
 Airstrike                Air            0%         N/A       99%         4
 Animate Dead             Necr           0%         N/A       99%         4
 Flame Wave               Conj/Fire      0%         2d4       99%         4
 Haunt                    Necr/Summ      0%         N/A       100%        7
 Infestation              Necr           0%         N/A       100%        8


Dungeon Overview and Level Annotations

Branches:
Dungeon (6/15)             Temple (0/1) D:6           Sewer (visited)

Altars:
Elyvilon
Fedhas
Uskayaw
Vehumet
Xom

Annotations:
D:5 Pikel


Message History

The lemure closely misses you.
Pikel says, "All the lords of Hell know my name!"
You hit the lemure.
The lemure is moderately wounded.
The lemure hits you!
You slash the lemure!
The lemure is severely wounded.
The lemure hits you but does no damage.
You hit the lemure.
The lemure is almost dead.
The lemure hits you but does no damage.
You hit Pikel but do no damage.
Pikel zaps a wand.
The bolt of acid misses you.
You barely miss Pikel. Pikel hits you but does no damage.
You hit Pikel.
Pikel is lightly wounded.
Pikel hits you but does no damage.
You barely miss Pikel.
Pikel is lightly wounded.
Pikel zaps a wand.
The bolt of acid hits you!! The acid corrodes you!
You completely miss Pikel.
Pikel is lightly wounded.
Pikel barely misses you.
You barely miss Pikel.
Pikel is lightly wounded.
Pikel hits you with a +1 whip of freezing!
Pikel freezes you.
You barely miss Pikel.
Pikel is lightly wounded.
Pikel hits you with a +1 whip of freezing!
* * * LOW HITPOINT WARNING * * *
Pikel freezes you.
* * * LOW HITPOINT WARNING * * *
You hit Pikel.
Pikel is lightly wounded.
Pikel zaps a wand.
The bolt of acid hits you!
* * * LOW HITPOINT WARNING * * *
It was a potion of invisibility.
You fade into invisibility!
Pikel hits you with a +1 whip of freezing!
You die...

####.###########.#
#.##...##.##.# #
#..............# #.###........#
#
#.####.#######.###.....>##.####
# #.#
#.#.......<..####..##..... #
#.# #.#.#####.##.#............
# #.#
#.#.#####.##.#.##..##..##. #
#.# #........#5.)..##..##..##.
# #.#
###.#####K##.####.........
###.# #.# #@##.# #<........
....# #.# #.##># ##.##..###
....# #.# #.##.# #(##..###
....# #.# #.##.# #.##.....
....# #.#####.##.#####.###.###
....######..........##....#
#.###
.........<.......#####.####
#.... ##.....########### #.####
##### #.###.# #....# #


You could see Pikel (can't see you) and a lemure (can't see you).

Vanquished Creatures
  A steam dragon (D:6)
  A water moccasin (D:6)
  2 black bears
  A centaur (D:3)
  2 lemures (D:5)
  A kobold brigand (D:6)
  A necrophage (D:6)
  2 scorpions (D:5)
  A howler monkey (D:4)
  4 hounds
  A jelly (D:6)
  A gnoll shaman (D:6)
  Terence (D:3)
  3 iguanas
  5 orc wizards
  12 adders
  2 river rats (Sewer)
  2 shadow imps (D:6)
  A white imp (D:5)
  An ufetubus (D:5)
  3 worms
  10 dart slugs
  15 orcs
  2 endoplasms
  4 giant cockroaches
  9 goblins
  3 hobgoblins
  2 jackals (Sewer)
  5 quokkas
  14 ball pythons
  7 bats
  3 frilled lizards
  12 kobolds
  7 rats
141 creatures vanquished.

Notes
Turn   | Place    | Note
-------+----------+-------------------------------------------
     0 | D:1      | Gwenloh the Hill Orc Monk began the quest for the Orb.
     0 | D:1      | Reached XP level 1. HP: 19/19 MP: 1/1
   256 | D:1      | Found Ycoegoim's Magic Scroll Boutique.
   282 | D:1      | Reached XP level 2. HP: 27/27 MP: 2/2
   865 | D:2      | Reached skill level 1 in Armour
  1205 | D:2      | Reached XP level 3. HP: 33/33 MP: 3/3
  1259 | D:2      | Found a faded altar of an unknown god.
  1488 | D:2      | Found a shimmering altar of Xom.
  1957 | D:3      | Reached XP level 4. HP: 41/41 MP: 4/4
  2034 | D:3      | Reached skill level 5 in Axes
  2184 | D:3      | Noticed Terence
  2207 | D:3      | Killed Terence
  2208 | D:3      | Reached XP level 5. HP: 33/47 MP: 5/5
  2535 | D:3      | Found a white marble altar of Elyvilon.
  2904 | D:3      | Reached skill level 5 in Fighting
  2973 | D:4      | Noticed a centaur
  2991 | D:3      | Killed a centaur
  2992 | D:3      | Reached XP level 6. HP: 37/56 MP: 6/6
  3097 | D:3      | Upgraded the game from 0.29-a0-676-ga64570c9d2 to
                  | 0.29-a0-700-g2f1814c7b2
  3152 | D:4      | Found a glowing drain.
  3159 | Sewer    | Entered a sewer
  4270 | D:4      | Reached XP level 7. HP: 59/63 MP: 7/7
  4573 | D:4      | Found a hide-covered altar of Uskayaw.
  5009 | D:5      | Entered Level 5 of the Dungeon
  5646 | D:5      | Found a radiant altar of Vehumet.
  5646 | D:5      | Found a blossoming altar of Fedhas.
  5749 | D:5      | Reached skill level 5 in Armour
  6552 | D:6      | Reached XP level 8. HP: 73/73 MP: 8/8
  6802 | D:6      | Found a staircase to the Ecumenical Temple.
  6803 | D:6      | Became a worshipper of Beogh the Brigand
  6803 | D:6      | Reached * piety under Beogh
  6803 | D:6      | Reached ** piety under Beogh
  7588 | D:6      | Reached skill level 1 in Invocations
  7707 | D:6      | Identified the +2 ring mail of Haixuoth {Int+2}
  7872 | D:6      | Noticed Pikel
  8160 | D:5      | Slain by Pikel

Illustrated notes

Levels and vault maps discovered:
D:1:      amcnicky_arrival_underground_garden, layout_loops_ring, serial_shops,
          nicolae_shop_advertising_works [nicolae_subvault_shop_adworks],
          kennysheep_nondescript
D:2:      layout_rooms, basic_ecumenical_altar, basic_altar, minmay_cut_off
D:3:      kennysheep_slugbush, layout_basic, marbit_many_paths, uniq_terence
D:4:      layout_basic, nicolae_uskayaw_murder_on_the_dancefloor,
          portal_sewer_entry_b
D:5:      layout_loops_ring, grunt_temple_overflow_open
D:6:      layout_gridville, nemelex_dance_club_becter,
          minmay_temple_entry_proselytizer, minmay_fractal_squares_gapless_5,
          uniq_pikel

Skill      XL: |  1  2  3  4  5  6  7  8 |
---------------+-------------------------+-----
Armour         | 1 2 3 4 5 6 |  6.4
Fighting       | 4 5 6 7 8 |  8.1
Axes           | 5 6 7 8 |  8.9
Invocations    | 1 |  1.8
Dodging        | |  2.4
Stealth        | |  1.5
Evocations     | |  0.4

Action                   |  1- 3 |  4- 6 |  7- 9 || total
-------------------------+-------+-------+-------++-------
Melee: Hand axe          |    78 |   307 |   168 ||   553
       Punch             |     1 |     1 |     8 ||    10
       War axe           |       |       |   136 ||   136
 Fire: Shortbow          |       |       |    27 ||    27
Throw: Javelin           |    13 |     9 |       ||    22
       Stone             |     5 |     6 |       ||    11
       Boomerang         |       |       |     1 ||     1
Invok: Convert to Beogh  |       |       |     1 ||     1
Evoke: Wand              |       |     5 |       ||     5
  Use: Potion            |       |     1 |     2 ||     3
       Scroll            |       |       |     6 ||     6
 Stab: Sleeping          |     1 |       |       ||     1
       Paralysed         |       |    15 |       ||    15
Armor: Robe              |    13 |       |       ||    13
       Ring mail         |     6 |    30 |    24 ||    60
       Scale mail        |       |   179 |    78 ||   257
       Chain mail        |       |       |    53 ||    53
Dodge: Dodged            |    43 |   231 |   147 ||   421
       Repelled          |       |       |     2 ||     2

Table legend: (Time is in decaauts)
 A = Elapsed time spent in this place.
 B = Non-inter-level travel time spent in this place.
 C = Inter-level travel time spent in this place.
 D = Time resting spent in this place.
 E = Time spent auto-exploring this place.
 F = Levels seen in this place.
 G = Mean time per level.
                   A        B        C        D        E       F      G
               +--------+--------+--------+--------+--------+-----+--------+
         Total |   8336 |   8030 |    306 |    315 |   5716 |   7 | 1190.9 |
       Dungeon |   7283 |   6977 |    306 |    168 |   5304 |   6 | 1213.8 |
         Sewer |   1053 |   1053 |      0 |    147 |    412 |   1 | 1053.0 |
               +--------+--------+--------+--------+--------+-----+--------+

Top non-repeatable levels by time:
     D:5: 1765 daAuts
     D:3: 1488 daAuts
     D:6: 1405 daAuts
   Sewer: 1053 daAuts
     D:4: 990 daAuts
     D:1: 844 daAuts
     D:2: 789 daAuts
